AoeStats
← DK_Odysseo

Arabia

508623622Analyzed
1v1 RM · 9d ago on Sep 23, 2026· 23m 46s· 2 players
Game mode
Random Map
Map size
Tiny (2 player)
Population
200
Speed
Normal
Resources
Standard
Victory
Conquest
Starting age
Dark Age
Ending age
Imperial Age
RankedLock teamsTeams togetherTeam positionsShared explorationLock speedFull tech treeHidden civsTurbo modeCheats
Victory
Defeat
🇨🇳 Spanish · China
2062
+9
🇪🇸 Japanese · Spain
1899
-9
Backspace
8:25 Loom
11:05 Feudal Age
15:19 Castle Age
DK_Odysseo
5:30 Loom
8:22 Feudal Age
8:49 Man-at-Arms
15:37 Fletching
16:32 Town Watch
20:48 Castle Age
20:11 Double-Bit Axe
20:53 Crossbowman
21:28 Bodkin Arrow
Connection lost

Rejoining the realm…

Still unreachable

The connection could not be restored.

Session expired

The server has moved on; the page needs a fresh start.